 Dungeon Crawl Stone Soup version 0.30-a0-1050-g2766ea1e55 (webtiles) character file.

Game seed: 15331589838644305468

24382 Ic0nGaming the Slicer (level 13, 0/81 (106) HPs)
             Began as a Kobold Fighter on Apr 10, 2023.
             Was a Plaything of Xom.
             Slain by a spectral eight-headed hydra (6 damage)
             ... on level 2 of the Lair of Beasts.
             The game lasted 00:37:58 (13542 turns).

Ic0nGaming the Slicer (Kobold Fighter)             Turns: 13542, Time: 00:38:00

HP:   0/81 (106)    AC: 26    Str: 13    XL:     13   Next: 42%
MP:   14/14         EV:  3    Int: 11    God:    Xom [......]
Gold: 1264          SH:  7    Dex: 24    Spells: 12/12 levels left

rFire   . . .      SeeInvis .    E - +1 dagger (elec)
rCold   + . .      Faith    .    c - +0 buckler
rNeg    . . .      Spirit   .    l - melded +4 ring mail
rPois   +          Reflect  .    (helmet currently unavailable)
rElec   .          Rampage  .    L - melded scarf {rC+ rF+}
rCorr   .          Clarity  +    u - melded +1 pair of gloves {Str+3}
Will    .....      NoTele   +    e - melded +0 pair of boots
Stlth   +++++                    n - amulet of regeneration
HPRegen 1.13/turn                i - ring of protection from cold
MPRegen 0.14/turn                I - +6 ring of dexterity

@: tree-form, heavily drained
A: stationary, stasis, torment immunity, boosted hp, small, no large weapons,
nightstalker 3, (claws 1), (horns 1), clarity, (cold resistance 1), frail 1,
high MP 1, (electricity resistance), wild magic 1
a: Renounce Religion


You were on level 2 of the Lair of Beasts.
You worshipped Xom.
You were a very special plaything of Xom.
You were a tree.
You visited 2 branches of the dungeon, and saw 13 of its levels.
You also visited: Volcano.

You collected 1990 gold pieces.
You spent 726 gold pieces at shops.

Inventory:

Hand Weapons
 a - a +1 rapier of chaos
 A - a +2 scimitar of pain
 E - a +1 dagger of electrocution (weapon)
 G - a -1 quick blade
Missiles
 p - 9 boomerangs (quivered)
 C - a throwing net
Armour
 c - a +0 buckler (worn)
 e - a +0 pair of boots (melded)
 l - a +4 ring mail (melded)
 t - a +0 scale mail of poison resistance
 u - a +1 pair of gloves of strength (melded)
 L - a scarf of resistance (melded)
Jewellery
 i - a ring of protection from cold (left branch)
 n - an amulet of regeneration (around neck)
 D - a ring of flight
 I - a +6 ring of dexterity (right branch)
Wands
 b - a wand of flame (10)
 x - a wand of mindburst (4)
 z - a wand of paralysis (6)
 B - a wand of polymorph (2)
 J - a wand of iceblast (2)
Scrolls
 k - 7 scrolls of teleportation
 w - 4 scrolls of poison
 y - 2 scrolls of magic mapping
 H - 2 scrolls of fear
Potions
 d - a potion of might
 f - 4 potions of haste
 g - 6 potions of curing
 h - 3 potions of mutation
 j - 4 potions of attraction
 m - 4 potions of cancellation
 o - 4 potions of resistance
 q - 2 potions of brilliance
 r - 2 potions of lignification
 s - 3 potions of magic
 v - 2 potions of berserk rage {unknown}
 K - 2 potions of invisibility
 M - 2 potions of heal wounds
Miscellaneous
 F - a phantom mirror


   Skills:
 - Level 8.4 Fighting
 - Level 14.0(15.1) Short Blades
 - Level 6.2(8.6) Long Blades
 - Level 7.6 Throwing
 - Level 2.4 Armour
 + Level 4.0 Dodging
 + Level 8.1 Stealth
 - Level 6.0 Shields
 + Level 13.2 Evocations


You had 12 spell levels left.
You didn't know any spells.
Your spell library contained the following spells:

 Spells                   Type           Power      Damage    Failure   Level
 Poisonous Vapours        Pois/Air       0%         N/A       67%         2
 Frozen Ramparts          Ice            0%         1d1       88%         3
 Mephitic Cloud           Conj/Pois/Air  0%         N/A       88%         3
 Portal Projectile        Hex/Tloc       0%         N/A       88%         3
 Tukima's Dance           Hex            0%         N/A       88%         3
 Anguish                  Hex/Necr       0%         N/A       99%         4
 Animate Dead             Necr           0%         N/A       99%         4
 Ice Form                 Ice/Tmut       0%         N/A       99%         4
 Summon Ice Beast         Ice/Summ       0%         N/A       99%         4
 Blade Hands              Tmut           0%         N/A       100%        5
 Borgnjor's Vile Clutch   Necr/Erth      0%         N/A       100%        5
 Freezing Cloud           Conj/Ice/Air   0%         6-21      100%        5
 Death Channel            Necr           0%         N/A       100%        6
 Enfeeble                 Hex            0%         N/A       100%        7


Dungeon Overview and Level Annotations

Branches:
Dungeon (11/15)            Temple (0/1) D:7            Lair (2/5) D:11
Volcano (visited)
  Swamp: Lair:2-3    Shoals: Lair:2-3     Snake: Lair:2-3    Spider: Lair:2-3
    Orc: D:9-12

Altars:
Cheibriados
Elyvilon
Gozag
Hepliaklqana
Kikubaaqudgha
Sif Muna
Wu Jian
Xom

Shops:
D:1 [   D:10 *(   D:11 ?

Annotations:
D:10 1 runed translucent door


Innate Abilities, Weirdness & Mutations

You are a tree.
Your roots penetrate the ground, keeping you stationary.
You cannot be teleported.
You are immune to unholy pain and torment.
Your maximum health is greatly increased.
Your equipment is partially melded.
You are small and have problems with some larger weapons.
You are completely attuned to the shadows.
((You have sharp fingernails.))
((You have a pair of small horns on your head.))
You possess an exceptional clarity of mind.
((Your flesh is cold resistant. (rC+)))
You are frail. (-10% HP)
You have an increased reservoir of magic. (+10% MP)
((You are resistant to electric shocks. (rElec)))
Your spells are a little harder to cast, but a little more powerful.


Message History

Lightning courses through the spectral eight-headed hydra!
The spectral eight-headed hydra is heavily damaged.
You block the spectral eight-headed hydra's attack.
The spectral eight-headed hydra bites you.
* * * LOW HITPOINT WARNING * * *
The spectral eight-headed hydra bites you but does no damage. x3
You block the spectral eight-headed hydra's attack.
The spectral eight-headed hydra bites you but does no damage. x2
You hit the spectral eight-headed hydra.
The spectral eight-headed hydra is heavily damaged.
You block the spectral eight-headed hydra's attack.
The spectral eight-headed hydra bites you!
* * * LOW HITPOINT WARNING * * *
You feel drained.
The spectral eight-headed hydra bites you but does no damage. x2
The spectral eight-headed hydra bites you.
* * * LOW HITPOINT WARNING * * *
You feel drained.
* * * LOW HITPOINT WARNING * * *
The spectral eight-headed hydra bites you.
* * * LOW HITPOINT WARNING * * *
The spectral eight-headed hydra barely misses you. x2
Okay, then.
Press: ? - help, v - describe, . - travel
Here: a spectral eight-headed hydra (heavily damaged)
The floor.
You feel better.
The spectral eight-headed hydra bites you but does no damage.
The spectral eight-headed hydra bites you.
* * * LOW HITPOINT WARNING * * *
You feel drained.
* * * LOW HITPOINT WARNING * * *
The spectral eight-headed hydra bites you but does no damage.
The spectral eight-headed hydra bites you!
* * * LOW HITPOINT WARNING * * *
You feel drained.
You block the spectral eight-headed hydra's attack.
The spectral eight-headed hydra bites you.
You die...
Xom titters!

######..#.......####.######
##.#......###...# ####
##.........#....#
##.####......###.....## ♣~
###...#..[..## ###.#.##### ##♣~~
..#......#### ♣♣♣##♣..##.####.~~~
........## ♣♣♣♣.♣♣♣♣.....#.##.~~~
......### ♣♣..~Z.~♣♣♣.........~~P
......# ♣°.°♣♣♣..~......#...♣~~
......# §.☼~ ♣...............~~
####..# §§○~♣♣♣................
##.[# §..~....~.....(....>.~~
#..### ♣♣♣.....♣♣♣..........♣~
#....#### ♣♣..♣♣♣♣.......#....♣
##...##.###♣♣♣♣##.†.#....##.... #
#.....#...######..###....#.....
###.....#..^..........<..........


You could see a spectral eight-headed hydra.

Vanquished Creatures
  Snorg (D:10)
  Fannar (D:10)
  2 boulder beetles
  A two-headed ogre (D:9)
  A ghost crab (Lair:2)
  Sonja (D:11)
  2 skeletal warriors (Volcano)
  An anaconda skeleton (Volcano)
  A manticore (D:11)
  3 elephants (Lair:2)
  A black mamba (Lair:1)
  Maggie (D:7)
  4 cane toads
  3 gargoyles (Volcano)
  4 komodo dragons
  4 trolls (D:9)
  A spectral elephant (Lair:2)
  2 harpy skeletons (Volcano)
  5 blink frogs (Lair:2)
  Sigmund (D:3)
  27 yaks
  3 flying skulls (Volcano)
  3 fire bats (Lair:1)
  A shadow (D:11)
  3 vampire mosquitoes (D:11)
  5 basilisks
  2 wraiths
  2 acid dragons
  A spectral yak (Lair:2)
  Duvessa (D:7)
  3 water moccasins
  A swamp drake (D:11)
  5 ice beasts
  A black bear (D:5)
  3 orc warriors
  2 ogres
  3 centaurs
  A phantom (D:4)
  2 kobold brigands
  4 bullfrogs
  Blork the orc (D:4)
  A spectral water moccasin (Lair:2)
  2 scorpions
  11 wights
  Dowan (D:7)
  A troll skeleton (Volcano)
  5 killer bees (D:11)
  A howler monkey (D:9)
  A spriggan skeleton (Volcano)
  2 electric eels (Lair:2)
  A jelly (D:4)
  A hound (D:6)
  5 orc priests
  2 iguanas
  Natasha (thrice) (D:3)
  10 orc wizards
  8 gnolls
  10 adders
  3 shadow imps
  A white imp (D:5)
  2 ufetubi
  3 worms (D:2)
  5 dart slugs
  24 orcs
  12 endoplasms
  3 giant cockroaches
  9 goblins
  13 hobgoblins
  4 jackals (D:3)
  4 quokkas
  3 ball pythons
  11 bats
  6 frilled lizards
  19 kobolds
  11 rats
312 creatures vanquished.

Vanquished Creatures (collateral kills)
  A cyclops (D:11)
  A kobold (D:3)
2 creatures vanquished.

Vanquished Creatures (others)
  A jackal zombie (D:3)
  10 fungi (Lair:2)
  28 plants (Lair:2)
39 creatures vanquished.

Grand Total: 353 creatures vanquished

Notes
Turn   | Place    | Note
-------+----------+-------------------------------------------
     0 | D:1      | Ic0nGaming the Kobold Fighter began the quest for the Orb.
     0 | D:1      | Reached XP level 1. HP: 14/14 MP: 1/1
    86 | D:1      | Reached skill level 3 in Short Blades
   213 | D:1      | Reached XP level 2. HP: 17/19 MP: 2/2
   252 | D:1      | Reached skill level 4 in Short Blades
   439 | D:1      | Reached XP level 3. HP: 22/23 MP: 3/3
   708 | D:1      | Found Vifour's Antique Armour Emporium.
   732 | D:1      | Found a faded altar of an unknown god.
  1046 | D:2      | Found a hazy altar of Hepliaklqana.
  1050 | D:2      | Reached skill level 5 in Short Blades
  1156 | D:2      | Reached XP level 4. HP: 28/28 MP: 4/4
  1510 | D:2      | Reached skill level 6 in Short Blades
  1832 | D:3      | Reached XP level 5. HP: 32/32 MP: 5/5
  2013 | D:3      | Noticed Natasha
  2019 | D:3      | Killed Natasha
  2029 | D:3      | Reached skill level 7 in Short Blades
  2201 | D:3      | Noticed Natasha
  2211 | D:3      | Killed Natasha
  2298 | D:3      | Noticed Natasha
  2306 | D:3      | Killed Natasha
  2307 | D:3      | Reached XP level 6. HP: 16/37 MP: 6/6
  2441 | D:3      | Noticed Sigmund
  2461 | D:3      | Killed Sigmund
  2462 | D:3      | Reached skill level 9 in Short Blades
  2462 | D:3      | Reached XP level 7. HP: 36/41 MP: 7/7
  2693 | D:4      | Noticed Blork the orc
  2703 | D:4      | Killed Blork the orc
  2774 | D:4      | Found a white marble altar of Elyvilon.
  2838 | D:4      | Reached skill level 10 in Short Blades
  3021 | D:4      | Reached skill level 11 in Short Blades
  3034 | D:4      | Reached XP level 8. HP: 46/46 MP: 8/8
  3326 | D:4      | Identified a scroll of acquirement
  3326 | D:4      | Acquired 1006 gold pieces
  3422 | D:1      | Bought a shiny scale mail for 196 gold pieces
  3422 | D:1      | Bought a pair of runed gloves for 210 gold pieces
  3422 | D:1      | Bought a glowing helmet for 210 gold pieces
  3504 | D:5      | Entered Level 5 of the Dungeon
  4203 | D:5      | Found a shimmering altar of Xom.
  4203 | D:5      | Found an opulent altar of Gozag.
  4318 | D:5      | Became a worshipper of Xom of Bone-Dry Humour
  4363 | D:6      | XOM: silly message
  4368 | D:6      | Reached skill level 12 in Short Blades
  4377 | D:6      | XOM: silly message
  4553 | D:6      | Reached skill level 13 in Short Blades
  4771 | D:6      | Reached XP level 9. HP: 51/51 MP: 9/9
  4929 | D:6      | Reached skill level 14 in Short Blades
  4929 | D:6      | Reached skill level 1 in Stealth
  4929 | D:6      | Reached skill level 1 in Evocations
  4941 | D:6      | XOM: enchant monster (bad)
  5171 | D:7      | XOM: divination: magic mapping
  5175 | D:7      | XOM: 2-stop teleportation journey
  5197 | D:7      | XOM: summons 3 hostile shadow creatures
  5293 | D:7      | Found a staircase to the Ecumenical Temple.
  5412 | D:7      | Reached skill level 5 in Stealth
  5461 | D:7      | Noticed Maggie
  5474 | D:7      | Killed Maggie
  5475 | D:7      | Reached skill level 5 in Evocations
  5507 | D:7      | Reached skill level 1 in Long Blades
  5551 | D:7      | Found a shimmering blue altar of Sif Muna.
  5671 | D:7      | XOM: blink monster(s)
  5704 | D:7      | Reached XP level 10. HP: 33/56 MP: 10/10
  5732 | D:7      | XOM: 1-stop teleportation journey
  5790 | D:7      | Noticed Dowan
  5790 | D:7      | Noticed Duvessa
  5809 | D:7      | Killed Duvessa
  5816 | D:7      | Killed Dowan
  5837 | D:7      | XOM: give mutations
  5837 | D:7      | Gained mutation: You are dopey. (Int -2) [Xom's mischief]
  5837 | D:7      | Gained mutation: Your spells are a little harder to cast,
                  | but a little more powerful. [Xom's mischief]
  5837 | D:7      | Gained mutation: You have sharp fingernails. [Xom's
                  | mischief]
  5889 | D:7      | XOM: give mutations
  5889 | D:7      | Gained mutation: You have a pair of small horns on your
                  | head. [Xom's mischief]
  5889 | D:7      | Gained mutation: Your flesh is cold resistant. (rC+) [Xom's
                  | mischief]
  5914 | D:7      | XOM: potion effect (brilliance)
  5943 | D:7      | XOM: silly message
  5944 | D:7      | XOM: fog
  5957 | D:7      | Reached skill level 5 in Long Blades
  6082 | D:7      | XOM: cloud trail
  6257 | D:7      | XOM: give mutations
  6257 | D:7      | Gained mutation: Your skin changes colour to match your
                  | surroundings (Stealth+). [Xom's grace]
  6257 | D:7      | Gained mutation: A frigid envelope surrounds you and
                  | freezes all who hurt you. [Xom's grace]
  6257 | D:7      | Gained mutation: You have a pair of horns on your head.
                  | [Xom's grace]
  6352 | D:7      | XOM: divination: magic mapping
  6414 | D:7      | XOM: scenery: 2 doors open
  6567 | D:8      | Found a snail-covered altar of Cheibriados.
  6567 | D:8      | XOM: 7-stop teleportation journey
  6677 | D:8      | XOM: butterfly on damage
  6908 | D:8      | XOM: swap monsters
  7157 | D:8      | Found an ancient bone altar of Kikubaaqudgha.
  7165 | D:8      | Found an ornate altar of the Wu Jian Council.
  7200 | D:8      | XOM: give mutations
  7200 | D:8      | Gained mutation: Your spells are harder to cast, but more
                  | powerful. [Xom's mischief]
  7200 | D:8      | Gained mutation: You possess an exceptional clarity of
                  | mind. [Xom's mischief]
  7200 | D:8      | Lost mutation: Your skin changes colour to match your
                  | surroundings (Stealth+). [Xom's mischief]
  7639 | D:9      | Reached skill level 1 in Throwing
  7716 | D:9      | XOM: blink monster(s)
  7757 | D:9      | XOM: silly message
  7853 | D:9      | Noticed a two-headed ogre
  7899 | D:9      | XOM: potion effect (might)
  7908 | D:9      | XOM: potion effect (invisibility)
  7909 | D:9      | Killed a two-headed ogre
  8017 | D:9      | XOM: potion effect (brilliance)
  8026 | D:9      | XOM: potion effect (invisibility)
  8027 | D:9      | Reached XP level 11. HP: 56/62 MP: 11/11
  8032 | D:9      | Reached skill level 5 in Fighting
  8235 | D:9      | XOM: silly message
  8738 | D:9      | Identified the +2 robe "Sesom" {Str+3 Int+3 Dex+3}
  8814 | D:10     | Entered Level 10 of the Dungeon
  8814 | D:10     | Noticed Fannar
  8818 | D:10     | Killed Fannar
  8819 | D:10     | Reached skill level 5 in Throwing
  8819 | D:10     | Noticed Snorg
  8819 | D:10     | XOM: 1-stop teleportation journey
  8821 | D:10     | XOM: cleaving
  8829 | D:10     | Killed Snorg
  9006 | D:10     | Found Orrengeu's Lightly-Used Armoury.
  9011 | D:10     | Bought a -1 quick blade for 110 gold pieces
  9235 | D:10     | Found Qinnemycs's Weapon Emporium.
  9410 | D:10     | XOM: give mutations
  9410 | D:10     | Lost mutation: You have a pair of horns on your head.
                  | [Xom's mischief]
  9410 | D:10     | Lost mutation: Your spells are harder to cast, but more
                  | powerful. [Xom's mischief]
  9410 | D:10     | Gained mutation: You are frail. (-10% HP) [Xom's mischief]
  9410 | D:10     | Lost mutation: You are dopey. (Int -2) [Xom's mischief]
  9430 | D:10     | XOM: chaos cloud
  9441 | D:10     | XOM: stat loss: -1 Dex (17/18)
  9519 | D:10     | XOM: cleaving
  9526 | D:10     | XOM: god gift: +0 scimitar of chaos
  9532 | D:10     | XOM: scenery: create altars
  9692 | D:10     | XOM: cleaving
  9977 | D:10     | Found a runed translucent door.
  9977 | D:10     | Noticed a yaktaur captain
  9978 | D:10     | Noticed a deep elf zephyrmancer
  9979 | D:10     | Noticed a centaur warrior
  9979 | D:10     | Noticed a deep elf zephyrmancer
  9979 | D:10     | Noticed a fire dragon
  9979 | D:10     | Noticed a great orb of eyes
  9979 | D:10     | Noticed a stone giant
  9979 | D:10     | Noticed a great orb of eyes
 10159 | D:11     | Noticed a boulder beetle
 10161 | D:11     | Noticed a cyclops
 10163 | D:11     | XOM: enchant monster (good)
 10170 | D:11     | Killed a cyclops
 10171 | D:11     | Reached XP level 12. HP: 65/65 MP: 12/12
 10186 | D:11     | Killed a boulder beetle
 10229 | D:11     | Noticed Sonja
 10233 | D:11     | Killed Sonja
 10319 | D:11     | XOM: 1-stop teleportation journey
 10595 | D:11     | Reached skill level 10 in Evocations
 10704 | D:11     | Found Xampyf's Magic Scroll Emporium.
 10783 | D:11     | XOM: divination: detect items
 10930 | D:11     | Found a staircase to the Lair.
 11218 | Lair:1   | Entered Level 1 of the Lair of Beasts
 11224 | Lair:1   | Noticed a boulder beetle
 11228 | Lair:1   | Killed a boulder beetle
 11259 | Lair:1   | XOM: god gift: scroll of poison
 11499 | Lair:1   | XOM: cloud trail
 11549 | Lair:1   | Found a gate leading to a gauntlet.
 11557 | Lair:1   | XOM: divination: magic mapping
 11684 | Lair:1   | XOM: cloud trail
 11793 | Lair:1   | Found a dark tunnel.
 11809 | Volcano  | Entered a volcano
 11891 | Volcano  | XOM: enchant monster (bad)
 11900 | Volcano  | XOM: potion effect (curing)
 11907 | Volcano  | XOM: confuse monster(s)
 11966 | Volcano  | XOM: cleaving
 12044 | Volcano  | Noticed a skeletal warrior
 12045 | Volcano  | XOM: summons 3 hostile demons
 12046 | Volcano  | Killed a skeletal warrior
 12047 | Volcano  | Reached skill level 5 in Shields
 12075 | Volcano  | Noticed a skeletal warrior
 12077 | Volcano  | Killed a skeletal warrior
 12078 | Volcano  | Reached XP level 13. HP: 71/71 MP: 13/13
 12185 | Volcano  | XOM: noise
 12228 | Volcano  | XOM: divination: detect items
 12307 | Volcano  | XOM: silly message
 12734 | Lair:2   | XOM: noise
 12813 | Lair:2   | XOM is BORED!
 12813 | Lair:2   | XOM: 1-stop teleportation journey
 12823 | Lair:2   | XOM: summons 7 hostile demons
 12830 | Lair:2   | XOM: 1-stop teleportation journey
 12841 | Lair:2   | Reached skill level 1 in Dodging
 13062 | Lair:2   | Noticed a ghost crab
 13069 | Lair:2   | XOM: 6-stop teleportation journey
 13387 | Lair:2   | XOM: torment (28/71 hp)
 13391 | Lair:2   | XOM: noise
 13528 | Lair:2   | Killed a ghost crab
 13529 | Lair:2   | XOM: give mutations
 13529 | Lair:2   | Gained mutation: You are resistant to electric shocks.
                  | (rElec) [Xom's mischief]
 13529 | Lair:2   | Lost mutation: A frigid envelope surrounds you and freezes
                  | all who hurt you. [Xom's mischief]
 13529 | Lair:2   | Gained mutation: You have an increased reservoir of magic.
                  | (+10% MP) [Xom's mischief]
 13542 | Lair:2   | Slain by a spectral eight-headed hydra

Illustrated notes

Levels and vault maps discovered:
D:1:      dpeg_arrival_ratfight, layout_loops_ring,
          shapermc_ecumenical_altar_mp_highgroup, serial_shops, shop,
          minmay_distorted
D:2:      layout_basic, basic_altar, serial_curves, eino_curves_02,
          eino_curves_04, eino_curves_04, grunt_ministairs_15
D:3:      layout_basic, uniq_natasha, uniq_sigmund
D:4:      layout_basic, elyvilon_altar_3, chequers_serial_rivers_small_3,
          uniq_blork_the_orc
D:5:      layout_gridville, gammafunk_temple_overflow_pools, serial_glass,
          glass_columns_a, glass_columns_c
D:6:      layout_cave_pools, hangedman_decor_riveting
D:7:      layout_gridville, lemuel_doored_altar, temple_hall, uniq_duvessa,
          uniq_maggie
D:8:      layout_basic, minitemple, lemuel_tele_altar
D:9:      layout_irregular_city, minmay_diced_spiral
D:10:     minmay_gate_of_8, layout_stronghold, serial_rivers,
          chequers_serial_rivers_small_b, chequers_serial_rivers_micro_c,
          chequers_serial_rivers_micro_b, chequers_serial_rivers_micro_e,
          serial_shops, kennysheep_mini_moat, minmay_door_square,
          minmay_shop_damaged, uniq_fannar, uniq_snorg
D:11:     layout_basic, erik_lair_dragon, serial_shops, nicolae_take_the_stairs,
          uniq_sonja
Lair:1:   layout_loops_ring, nicolae_volcano_entry_batcave,
          gauntlet_entry_generic, grunt_megastairs_4,
          infiniplex_staircase_pool_2
Lair:2:   layout_misc_corridors, nicolae_swamp_entry_spooky,
          serial_bayou_lagoon_b

Skill      XL: |  1  2  3  4  5  6  7  8  9 10 11 12 13 |
---------------+----------------------------------------+-----
Short Blades   | 3 4 5 6 7 9 11 13 14 | 14.0
Stealth        | 6 8 |  8.1
Evocations     | 5 6 9 12 13 | 13.2
Long Blades    | 3 6 |  6.2
Throwing       | 3 6 7 |  7.6
Fighting       | 4 7 8 |  8.4
Shields        | 5 6 |  6.0
Dodging        | 4 |  4.0
Armour         | |  2.4

Action                     |  1- 3 |  4- 6 |  7- 9 | 10-12 | 13-15 || total
---------------------------+-------+-------+-------+-------+-------++-------
  Melee: Rapier            |   135 |   157 |   316 |       |       ||   608
         Scimitar          |       |       |    27 |   102 |       ||   129
         Dagger            |       |       |       |   397 |   184 ||   581
         Headbutt          |       |       |       |   117 |    50 ||   167
  Throw: Boomerang         |       |       |       |     6 |     7 ||    13
  Evoke: Wand              |       |       |     1 |     7 |     3 ||    11
    Use: Scroll            |     8 |     5 |     4 |     6 |     1 ||    24
         Potion            |       |     1 |     3 |     4 |     3 ||    11
   Stab: Sleeping          |       |     3 |    12 |    25 |     2 ||    42
         Invisible         |       |     2 |    10 |    10 |       ||    22
         Paralysed         |       |       |     1 |     2 |       ||     3
         Confused          |       |       |     2 |     3 |       ||     5
         Distracted        |       |       |     2 |       |       ||     2
 Armour: Scale mail        |    53 |    32 |       |       |       ||    85
         Ring mail         |       |    25 |   130 |   127 |    33 ||   315
         Skin              |       |       |       |       |    47 ||    47
  Dodge: Dodged            |    55 |    72 |   136 |   180 |    59 ||   502
  Block: Buckler           |    24 |    24 |    59 |    72 |    55 ||   234

Table legend: (Time is in decaauts)
 A = Elapsed time spent in this place.
 B = Non-inter-level travel time spent in this place.
 C = Inter-level travel time spent in this place.
 D = Time resting spent in this place.
 E = Time spent auto-exploring this place.
 F = Levels seen in this place.
 G = Mean time per level.
                   A        B        C        D        E       F      G
               +--------+--------+--------+--------+--------+-----+--------+
         Total |  13211 |  12442 |    769 |   1270 |   8448 |  14 |  943.6 |
       Dungeon |  11005 |  10292 |    713 |    939 |   7270 |  11 | 1000.5 |
          Lair |   1734 |   1678 |     56 |    252 |   1077 |   2 |  867.0 |
       Volcano |    471 |    471 |      0 |     79 |    101 |   1 |  471.0 |
               +--------+--------+--------+--------+--------+-----+--------+

Top non-repeatable levels by time:
     D:7: 1366 daAuts
    D:10: 1333 daAuts
     D:9: 1238 daAuts
     D:8: 1102 daAuts
     D:4: 1097 daAuts
     D:1: 1063 daAuts
    D:11: 899 daAuts
  Lair:1: 886 daAuts
     D:2: 866 daAuts
  Lair:2: 847 daAuts
     D:3: 749 daAuts
     D:5: 653 daAuts
     D:6: 634 daAuts
 Volcano: 471 daAuts
